 Dungeon Crawl Stone Soup version 0.22.0-60-ga52c2fcf6e (webtiles) character file.

1568 Freyura the Twirler (level 8, -11/61 HPs)
             Began as a Demonspawn Gladiator on Sept 11, 2018.
             Was a Believer of Makhleb.
             Mangled by an orc warrior
             ... wielding a +0 dire flail
              (18 damage)
             ... on level 7 of the Dungeon.
             The game lasted 00:16:30 (5013 turns).

Freyura the Twirler (Demonspawn Gladiator)          Turns: 5013, Time: 00:16:30

Health: -11/61     AC: 13    Str: 15    XL:     8   Next: 59%
Magic:  11/11      EV: 11    Int:  9    God:    Makhleb [**....]
Gold:   424        SH:  0    Dex: 17    Spells: 7/7 levels left

rFire    . . .     SeeInvis .   a - +1 quarterstaff
rCold    . . .     Gourm    .   (shield currently unavailable)
rNeg     + . .     Faith    .   e - +1 chain mail
rPois    .         Spirit   .   (helmet restricted)
rElec    .         Reflect  .   (no cloak)
rCorr    .         Harm     .   (no gloves)
MR       .....                  (no boots)
Stlth    ..........             g - amulet of regeneration
HPRegen  0.60/turn              n - ring of positive energy
MPRegen  0.12/turn              v - +3 ring of protection

@: no status effects
A: horns 1, sturdy frame 2
a: Minor Destruction, Renounce Religion


You were on level 7 of the Dungeon.
You worshipped Makhleb.
Makhleb was pleased with you.
You were not hungry.

You visited 1 branch of the dungeon, and saw 7 of its levels.

You collected 450 gold pieces.
You spent 26 gold pieces at shops.

Inventory:

Hand Weapons
 a - a +1 quarterstaff (weapon)
Missiles
 d - 3 throwing nets (quivered)
Armour
 e - a +1 chain mail (worn)
Jewellery
 g - an amulet of regeneration (around neck)
 n - a ring of positive energy (left hand)
 v - a +3 ring of protection (right hand)
Wands
 x - a wand of flame (31)
Scrolls
 h - a scroll of amnesia
 k - a scroll of enchant armour
 l - 2 scrolls of teleportation
 m - a scroll of identify
 p - a scroll of enchant weapon
 r - 3 scrolls of remove curse
 s - a scroll of immolation
 w - a scroll of fear
Potions
 j - a potion of brilliance
 o - 4 potions of curing {unknown}
 q - 5 potions of haste {unknown}
 t - 2 potions of degeneration {unknown}
Comestibles
 f - 5 rations


   Skills:
 + Level 4.8 Fighting
 * Level 6.5 Staves
 - Level 1.7 Throwing
 + Level 3.9 Armour
 + Level 4.9 Dodging
 + Level 4.5 Invocations


You had 7 spell levels left.
You didn't know any spells.
Your spell library contained the following spells:

 Spells                   Type           Power        Failure   Level  Hunger
 Flame Tongue             Conj/Fire      #....        89%         1    ##.....
 Throw Flame              Conj/Fire      #.....       96%         2    ###....
 Conjure Flame            Conj/Fire      #.......     99%         3    ####...
 Inner Flame              Hex/Fire       #.......     99%         3    ####...
 Sticky Flame             Conj/Fire      #.......     100%        4    #####..
 Fireball                 Conj/Fire      #.........   100%        5    ######.


Dungeon Overview and Level Annotations

Branches:
Dungeon (7/15)             Temple (0/1) D:5

Altars:
Dithmenos
Fedhas
Makhleb
Okawaru
Sif Muna

Shops:
D:6 *


Innate Abilities, Weirdness & Mutations

You have a pair of small horns on your head.
Your movements are less encumbered by armour. (ER -4)


Message History

The orc warrior hits you with a dire flail!!
* * * LOW HITPOINT WARNING * * *
You hit the orc warrior but do no damage.
You headbutt the orc warrior, but do no damage.
The orc warrior is almost dead.
You hit the orc warrior but do no damage.
The orc warrior is almost dead.
The orc warrior hits you with a dire flail!
* * * LOW HITPOINT WARNING * * *
You closely miss the orc warrior.
The orc warrior is almost dead.
The orc warrior hits you but does no damage.
Your chain mail prevents you from hitting the orc warrior.
The orc warrior is almost dead.
The orc warrior hits you with a dire flail.
* * * LOW HITPOINT WARNING * * *
You closely miss the orc warrior.
The orc warrior is almost dead.
The orc warrior hits you with a dire flail!!
You die...

.......#.##### #.#
....>........### #.#
......#.###..<####.#
###.....#
###....#.## ##..###
##.....[. #....##
#.......
#..#..#####.......
#.###....##.......
#@# ####..........
#o# ####....... #o#
#)...... .o.
#....... .....
#....... .......
........ .........
.####### ...........
#..........##


You could see an orc warrior and 2 orcs.

Vanquished Creatures
  Duvessa (D:5)
  An orc warrior (D:6)
  An ice beast (D:5)
  An ogre (D:5)
  A bullfrog (D:6)
  Dowan (D:5)
  A scorpion (D:6)
  4 wights (D:7)
  A centaur zombie (D:5)
  A bullfrog zombie (D:5)
  A crimson imp (D:5)
  4 hounds
  A quasit (D:6)
  2 orc priests
  2 jellies
  5 orc wizards
  4 worker ants
  A worker ant zombie (D:5)
  A gnoll (D:3)
  10 adders
  7 worms
  4 dart slugs
  7 leopard geckos
  23 orcs
  4 giant cockroaches
  11 goblins
  7 hobgoblins
  6 jackals (D:2)
  2 quokkas (D:6)
  A ball python (D:1)
  13 bats
  2 frilled lizards
  11 kobolds
  5 rats
147 creatures vanquished.

Notes
Turn   | Place    | Note
-------+----------+-------------------------------------------
     0 | D:1      | Freyura the Demonspawn Gladiator began the quest for the
                  | Orb.
     0 | D:1      | Reached XP level 1. HP: 16/16 MP: 1/1
   100 | D:1      | Reached skill level 3 in Staves
   100 | D:1      | Gained mutation: You have a pair of small horns on your
                  | head. [demonic ancestry]
   100 | D:1      | Reached XP level 2. HP: 18/22 MP: 2/2
   246 | D:1      | Gained mutation: Your movements are slightly less
                  | encumbered by armour. (ER -2) [demonic ancestry]
   246 | D:1      | Reached XP level 3. HP: 13/28 MP: 3/3
   706 | D:2      | Reached skill level 1 in Armour
   946 | D:2      | Reached XP level 4. HP: 29/34 MP: 4/4
  1088 | D:2      | Gained mutation: Your movements are less encumbered by
                  | armour. (ER -4) [demonic ancestry]
  1088 | D:2      | Reached XP level 5. HP: 17/40 MP: 5/5
  1292 | D:2      | Reached skill level 4 in Staves
  1484 | D:2      | Found a burning altar of Makhleb.
  1484 | D:2      | Noticed an Executioner
  1488 | D:2      | Noticed a smoke demon
  1488 | D:2      | Noticed a smoke demon
  1490 | D:2      | Became a worshipper of Makhleb the Destroyer
  2299 | D:3      | Found a deep blue altar of Sif Muna.
  2299 | D:3      | Found a blossoming altar of Fedhas.
  2301 | D:3      | Found a shadowy altar of Dithmenos.
  2369 | D:3      | Reached * piety under Makhleb
  2413 | D:3      | Found an iron altar of Okawaru.
  3006 | D:4      | Reached skill level 1 in Invocations
  3006 | D:4      | Reached XP level 6. HP: 47/47 MP: 6/6
  3417 | D:5      | Entered Level 5 of the Dungeon
  3511 | D:5      | Reached XP level 7. HP: 48/53 MP: 8/8
  3646 | D:5      | Noticed Dowan
  3647 | D:5      | Noticed Duvessa
  3654 | D:5      | Killed Duvessa
  3654 | D:5      | Reached skill level 5 in Staves
  3661 | D:5      | Killed Dowan
  3712 | D:5      | Found a staircase to the Ecumenical Temple.
  4237 | D:6      | Found Suug's Assorted Antiques.
  4272 | D:6      | Reached XP level 8. HP: 56/60 MP: 10/10
  4281 | D:6      | Bought a scroll labeled DEAXOGASOUNK for 26 gold pieces
  4328 | D:6      | Reached ** piety under Makhleb
  4587 | D:6      | Reached skill level 6 in Staves
  4608 | D:6      | HP: 1/61 [orc warrior/long sword (11)]
  5013 | D:7      | Mangled by an orc warrior

Skill      XL: |  1  2  3  4  5  6  7  8 |
---------------+-------------------------+-----
Staves         | 3 4 5 6 |  6.5
Dodging        | 3 4 |  4.9
Armour         | 1 2 3 |  3.9
Fighting       | 3 4 |  4.8
Invocations    | 1 2 3 4 |  4.5
Throwing       | |  1.7

Action                   |  1- 3 |  4- 6 |  7- 9 || total
-------------------------+-------+-------+-------++-------
Melee: Quarterstaff      |    99 |   218 |   186 ||   503
       Headbutt          |    12 |    41 |    34 ||    87
  Use: Scroll            |     3 |     5 |     8 ||    16
       Potion            |       |       |     3 ||     3
  Eat: Ration            |       |     4 |       ||     4
Armor: Leather armour    |     8 |       |       ||     8
       Chain mail        |    29 |   102 |    89 ||   220
Dodge: Dodged            |    61 |    97 |    77 ||   235
